 Dungeon Crawl Stone Soup version 0.32-a0-837-g8d3e27d (webtiles) character file.

Game seed: 14946151959874810563

2813 Dorkslayer the Chopper (level 9, -1/62 HPs)
             Began as an Octopode Fighter on Mar 24, 2024.
             Succumbed to a killer bee's poison
             ... on level 6 of the Dungeon on Mar 25, 2024.
             The game lasted 00:11:37 (5279 turns).

Dorkslayer the Chopper (Octopode Fighter)           Turns: 5279, Time: 00:11:38

Health: -1/62      AC:  1    Str: 19    XL:     9   Next: 72%
Magic:  1/8        EV: 13    Int: 11    God:
Gold:   252        SH:  0    Dex: 11    Spells: 8/8 levels left

rFire   + . .        c - +5 woodcutter's axe
rCold   . . .        (shield currently unavailable)
rNeg    . . .        (helmet restricted)
rPois   .            e - amulet of guardian spirit
rElec   .            o - ring of protection from fire
rCorr   .            (no ring)
SInv    .            (no ring)
Will    +....        (no ring)
Stlth   ++++         (no ring)
HPRegen 0.30/turn    (no ring)
MPRegen 0.11/turn    (no ring)
                     (no ring)

%: guardian spirit
@: lethally poisoned (-1 -> -17)
A: almost no armour, amphibious, 8 rings, camouflage 1, gelatinous body 1,
(nimble swimmer 1), tentacles, low MP 1, strong-willed 1, inability to drink
after injury 1
a: no special abilities


You were on level 6 of the Dungeon.
You visited 2 branches of the dungeon, and saw 8 of its levels.
You also visited: Sewer.

You collected 252 gold pieces.

Inventory:

Hand Weapons
 a - a +0 war axe
 c - the +5 woodcutter's axe (weapon)
   (You took it off a gnoll on level 5 of the Dungeon)
Armour
 b - a +0 buckler
Jewellery
 e - an amulet of guardian spirit (around mantle)
 o - a ring of protection from fire (left tentacle)
Talismans
 r - a blade talisman
Wands
 k - a wand of flame (14)
 p - a wand of paralysis (3)
Scrolls
 n - a scroll of silence
Potions
 h - 2 potions of might
 i - a potion of enlightenment
 l - a potion of ambrosia
 q - a potion of magic


   Skills:
 + Level 5.8 Fighting
 + Level 7.8 Axes
 + Level 0.2 Throwing
 + Level 5.3 Dodging
 + Level 6.0 Stealth
 + Level 4.0 Shields
 * Level 5.0 Evocations
 * Level 3.7 Shapeshifting


You had 8 spell levels left.
You didn't know any spells.
Your spell library contained the following spells:

 Spells                   Type           Power      Damage    Failure   Level
 Magic Dart               Conj           0%         1d3       34%         1
 Sandblast                Erth           0%         2d4       34%         1
 Blink                    Tloc           0%         N/A       47%         2
 Call Imp                 Summ           0%         N/A       47%         2
 Lesser Beckoning         Tloc           0%         N/A       47%         2
 Scorch                   Fire           0%         2d5       47%         2
 Frozen Ramparts          Ice            0%         1d1       71%         3
 Gell's Gravitas          Tloc           0%         N/A       71%         3
 Ozocubu's Armour         Ice            0%         N/A       71%         3
 Stone Arrow              Conj/Erth      0%         3d7       71%         3
 Teleport Other           Tloc           0%         N/A       71%         3
 Brom's Barrelling Bould  Conj/Erth      0%         2d3       98%         4
 Flame Wave               Conj/Fire      0%         2d4       98%         4
 Passage of Golubria      Tloc           0%         N/A       98%         4
 Metabolic Englaciation   Hex/Ice        0%         N/A       100%        5
 Silence                  Hex/Air        0%         N/A       100%        5
 Summon Cactus Giant      Summ           0%         N/A       100%        6
 Lehudib's Crystal Spear  Conj/Erth      0%         10d2      100%        8


Dungeon Overview and Level Annotations

Branches:
Dungeon (7/15)             Temple (1/1) D:5           Sewer (visited)

Altars:
Ashenzari
Cheibriados
Dithmenos
Hepliaklqana
Kikubaaqudgha
Makhleb
Qazlal
Sif Muna
Trog
Uskayaw
Vehumet
Xom
Yredelemnul
Zin
The Shining One

Shops:
D:5 :


Innate Abilities, Weirdness & Mutations

You cannot wear most types of armour.
You are amphibious.
You can wear up to eight rings at the same time.
Your skin changes colour to match your surroundings (Stealth+).
Your rubbery body absorbs attacks. (AC +1, EV +1)
((You are camouflaged when in or above water. (Stealth+)))
You have tentacles for arms and can constrict up to eight enemies at once.
Your magical capacity is low. (-10% MP)
You are strong-willed. (Will+)
You occasionally lose the ability to drink potions when taking damage.


Message History

The killer bee stings you but does no damage.
You climb upwards.
You feel very sick.
There is a stone staircase leading down here.
You feel sick. The killer bee misses you.
You miss the killer bee. Your grab misses the killer bee.
You feel sick. The killer bee stings you!
* * * LOW HITPOINT WARNING * * *
You are more poisoned.
The killer bee poisons you! The killer bee completely misses you.
You closely miss the killer bee. Your grab misses the killer bee.
Your squeeze misses the killer bee.
You feel very sick. The killer bee stings you.
* * * LOW HITPOINT WARNING * * *
The killer bee stings you but does no damage.
You feel better. The killer bee misses you. The killer bee stings you!
* * * LOW HITPOINT WARNING * * *
You closely miss the killer bee. Your grab misses the killer bee.
The killer bee stings you.
* * * LOW HITPOINT WARNING * * *
You are poisoned.
The killer bee poisons you! The killer bee closely misses you.
You barely miss the killer bee. Your grab misses the killer bee.
Your squeeze misses the killer bee.
* * * LOW HITPOINT WARNING * * *
You feel sick. The killer bee stings you.
* * * LOW HITPOINT WARNING * * *
You are more poisoned.
The killer bee poisons you! The killer bee misses you.
You miss the killer bee. Your grab misses the killer bee.
Your squeeze misses the killer bee.
* * * LOW HITPOINT WARNING * * *
You feel very sick. The killer bee barely misses you.
The killer bee stings you.
You are more poisoned.
The killer bee poisons you!
You hit the killer bee. Your grab misses the killer bee.
The killer bee is moderately wounded.
You die...

#..##.### #.####.###.#.#
#..##.# #.# #.# #...#
#..##.# #.# #.# #.###
##..##.# #.# #.# #.#
.......# #.# #.# #.#
##..##.#########.####.###.#
##..##........÷.y?........#
.†..........####y##.#######
##..#######.####@##.#
#<.#######......##.#
##..##..............#
.......##############
########


You could see 2 killer bees.

Vanquished Creatures
  Pikel (D:4)
  Pargi (Sewer)
  An ice beast (D:5)
  A black bear (D:6)
  An ogre (D:4)
  A centaur (D:6)
  A phantom (D:5)
  3 lemures (D:4)
  2 kobold brigands (Sewer)
  A gnoll sergeant (D:5)
  4 scorpions
  A killer bee (D:6)
  A bombardier beetle (D:5)
  3 hounds
  2 jellies (D:6)
  A gnoll bouda (D:5)
  2 orc priests (D:5)
  2 iguanas
  2 orc wizards
  10 adders
  18 gnolls
  3 river rats (D:4)
  4 ufetubi (D:5)
  A dart slug (D:5)
  3 ribbon worms
  12 orcs
  3 endoplasms
  3 giant cockroaches
  6 goblins
  6 hobgoblins
  3 jackals (D:2)
  8 kobolds
  A quokka (D:2)
  2 ball pythons
  8 bats
  6 rats
128 creatures vanquished.

Vanquished Creatures (collateral kills)
  4 yaks (D:6)
  An adder (D:3)
5 creatures vanquished.

Grand Total: 133 creatures vanquished

Notes
Turn   | Place    | Note
-------+----------+-------------------------------------------
     0 | D:1      | Dorkslayer the Octopode Fighter began the quest for the
                  | Orb.
     0 | D:1      | Reached XP level 1. HP: 16/16 MP: 1/1
   246 | D:1      | Reached XP level 2. HP: 21/21 MP: 2/2
   277 | D:1      | Reached skill level 1 in Stealth
   532 | D:2      | Reached XP level 3. HP: 26/26 MP: 3/3
   878 | D:2      | Reached XP level 4. HP: 31/31 MP: 4/4
  1026 | D:3      | Reached skill level 3 in Axes
  1030 | D:3      | Noticed a scorpion
  1043 | D:3      | Killed a scorpion
  1044 | D:3      | Reached XP level 5. HP: 37/37 MP: 5/5
  1797 | D:4      | Reached skill level 4 in Axes
  1803 | D:4      | Found a glowing drain.
  1807 | Sewer    | Entered a sewer
  1811 | Sewer    | Noticed a kobold brigand
  1815 | Sewer    | Killed a kobold brigand
  1816 | Sewer    | Reached XP level 6. HP: 27/43 MP: 3/6
  1878 | Sewer    | Noticed Pargi
  1900 | Sewer    | Killed Pargi
  1953 | Sewer    | Reached skill level 1 in Evocations
  1953 | Sewer    | Reached XP level 7. HP: 41/48 MP: 5/7
  2109 | D:4      | Reached skill level 5 in Axes
  2788 | D:4      | Noticed Pikel
  2810 | D:4      | Gained mutation: You occasionally lose the ability to read
                  | scrolls when taking damage. [potion of mutation]
  2810 | D:4      | Lost mutation: You occasionally lose the ability to read
                  | scrolls when taking damage. [potion of mutation]
  2810 | D:4      | Gained mutation: Your spells are a little harder to cast,
                  | but a little more powerful. [potion of mutation]
  2812 | D:4      | Killed Pikel
  2813 | D:4      | Reached skill level 6 in Axes
  2813 | D:4      | Reached skill level 5 in Stealth
  2813 | D:4      | Reached skill level 1 in Shapeshifting
  2813 | D:4      | Reached XP level 8. HP: 17/54 MP: 0/8
  2814 | D:4      | Lost mutation: Your spells are a little harder to cast, but
                  | a little more powerful. [potion of mutation]
  2814 | D:4      | Gained mutation: You occasionally lose the ability to drink
                  | potions when taking damage. [potion of mutation]
  2814 | D:4      | Gained mutation: Your magical capacity is low. (-10% MP)
                  | [potion of mutation]
  2814 | D:4      | Gained mutation: You are strong-willed. (Will+) [potion of
                  | mutation]
  3137 | D:5      | Entered Level 5 of the Dungeon
  3510 | D:5      | Found a staircase to the Ecumenical Temple.
  3519 | Temple   | Entered the Ecumenical Temple
  3690 | D:5      | Found Tubegh's Self-Published Books.
  3752 | D:5      | Reached skill level 7 in Axes
  4128 | D:5      | Reached skill level 5 in Fighting
  4128 | D:5      | Reached XP level 9. HP: 43/61 MP: 4/8
  4433 | D:6      | Found a radiant altar of Vehumet.
  4589 | D:6      | Reached skill level 5 in Dodging
  4601 | D:6      | Upgraded the game from 0.32-a0-818-gb728d02 to
                  | 0.32-a0-837-g8d3e27d
  5208 | D:6      | Reached skill level 5 in Evocations
  5278 | D:6      | HP: 2/62 [poisoned by a killer bee]
  5279 | D:6      | Succumbed to a killer bee's poison

Illustrated notes

Levels and vault maps discovered:
D:1:      sevenhm_arrival_forest_fort_small_3, layout_rooms
D:2:      layout_basic
D:3:      layout_loops_ring, nicolae_half_adder
D:4:      layout_loops_ring, gup_sewer_entry_spiral, uniq_pikel
D:5:      layout_cave_pools, minmay_temple_entry_large_hall,
          nicolae_custom_books, hex_large, pf_guarded_unrand_woodcutter
D:6:      layout_loops_ring, vehumet_crystals
D:7:      layout_cave_pools
Temple:   nicolae_temple_ecumenical_triangle

Skill      XL: |  1  2  3  4  5  6  7  8  9 |
---------------+----------------------------+-----
Stealth        | 1 2 3 4 5 6 |  6.0
Axes           | 3 4 6 7 |  7.8
Fighting       | 4 5 |  5.8
Evocations     | 1 2 4 5 |  5.0
Dodging        | 4 5 |  5.3
Shapeshifting  | 1 2 3 |  3.7
Shields        | 4 |  4.0
Throwing       | |  0.2

Action                     |  1- 3 |  4- 6 |  7- 9 || total
---------------------------+-------+-------+-------++-------
  Melee: War axe           |    61 |    50 |   100 ||   211
         Tentacles         |    14 |    10 |    27 ||    51
         Constrict         |    14 |    14 |    38 ||    66
         Battleaxe         |       |       |    50 ||    50
  Throw: Dart              |       |       |     1 ||     1
  Evoke: Wand              |       |     4 |     7 ||    11
    Use: Scroll            |       |     2 |    14 ||    16
         Potion            |       |       |     7 ||     7
   Stab: Sleeping          |     3 |     5 |     8 ||    16
 Armour: Skin              |    34 |    18 |   122 ||   174
  Dodge: Dodged            |    49 |    25 |   108 ||   182
  Block: Buckler           |    21 |     4 |    23 ||    48

Table legend: (Time is in decaauts)
 A = Elapsed time spent in this place.
 B = Non-inter-level travel time spent in this place.
 C = Inter-level travel time spent in this place.
 D = Time resting spent in this place.
 E = Time spent auto-exploring this place.
 F = Levels seen in this place.
 G = Mean time per level.
                   A        B        C        D        E       F      G
               +--------+--------+--------+--------+--------+-----+--------+
         Total |   5345 |   5345 |      0 |      4 |   3327 |   9 |  593.9 |
       Dungeon |   5100 |   5100 |      0 |      4 |   3205 |   7 |  728.6 |
        Temple |     19 |     19 |      0 |      0 |      0 |   1 |   19.0 |
         Sewer |    226 |    226 |      0 |      0 |    122 |   1 |  226.0 |
               +--------+--------+--------+--------+--------+-----+--------+

Top non-repeatable levels by time:
     D:4: 1192 daAuts
     D:5: 1140 daAuts
     D:6: 982 daAuts
     D:3: 727 daAuts
     D:2: 617 daAuts
     D:1: 429 daAuts
   Sewer: 226 daAuts
  Temple: 19 daAuts
     D:7: 9 daAuts
